 Dungeon Crawl Stone Soup version 0.19-a0-406-ge21436e (webtiles) character file.

1297 Etesian the Schismatic (level 8, -1/70 HPs)
             Began as a Hill Orc Abyssal Knight on May 31, 2016.
             Was an Elder of Lugonu.
             Slain by a hill giant
             ... wielding a +0 giant spiked club
              (37 damage)
             ... on level 6 of the Dungeon.
             The game lasted 00:15:25 (7279 turns).

Etesian the Schismatic (Hill Orc Abyssal Knight)    Turns: 7279, Time: 00:15:26

Health: -1/70      AC: 15    Str: 17    XL:     8   Next: 56%
Magic:  13/13      EV: 11    Int: 12    God:    Lugonu [****..]
Gold:   282        SH:  6    Dex: 12    Spells: 0 memorised, 7 levels left

rFire  . . .     SeeInvis .     a - +2 hand axe
rCold  . . .     Gourm    .     v - +5 ring mail of the Moon {Dex+2}
rNeg   . . .     Faith    .     l - +1 buckler
rPois  .         Spirit   .     u - +0 helmet
rElec  .         Dismiss  .     (no cloak)
rCorr  .         Reflect  .     p - +1 pair of gloves
SustAt +         Harm     .     d - +0 pair of boots
MR     .....                    (no amulet)
Stlth  +.........               D - ring of sustain attributes
                                x - ring of flight

@: not resistant to hostile enchantments, very unstealthy
A: no striking features
a: Depart the Abyss, Bend Space, Banish, Corrupt, Renounce Religion, Evoke
Flight


You were on level 6 of the Dungeon.
You worshipped Lugonu.
Lugonu was greatly pleased with you.
You were not hungry.

You visited 1 branch of the dungeon, and saw 6 of its levels.
You visited the Abyss 1 time.

You collected 282 gold pieces.

Inventory:

Hand Weapons
 a - a +2 hand axe (weapon)
Armour
 d - a +0 pair of boots (worn)
 l - a +1 buckler (worn)
 p - a +1 pair of gloves (worn)
 u - a +0 helmet (worn)
 v - the +5 ring mail of the Moon (worn) {Dex+2}
   (You took it off an orc on level 4 of the Dungeon)

   It affects your dexterity (+2).
Jewellery
 x - a ring of flight (left hand)
 D - a ring of sustain attributes (right hand)
Wands
 m - a wand of acid (6/15)
 B - a wand of disintegration (17/24)
Scrolls
 e - 2 scrolls of fog
 n - 3 scrolls of teleportation
 w - 2 scrolls of enchant weapon
 y - a scroll of remove curse
 C - 2 scrolls of enchant armour
Potions
 b - a potion of heal wounds
 f - a potion of haste
 g - 3 potions of agility
 h - a potion of invisibility
 i - a potion of flight {unknown}
 j - a potion of magic {unknown}
 q - 2 potions of curing {unknown}
 r - 3 potions of might
 s - a potion of berserk rage {unknown}
 A - a potion of resistance {unknown}
Comestibles
 c - 5 bread rations
 k - 6 meat rations
 o - 3 slices of pizza
 t - a beef jerky
 z - 7 chunks of flesh


   Skills:
 + Level 5.8 Fighting
 * Level 6.5 Axes
 + Level 4.7 Armour
 - Level 1.1 Dodging
 + Level 4.6 Shields
 * Level 7.5 Invocations


You had 7 spell levels left.
You didn't know any spells.

Dungeon Overview and Level Annotations

Branches:
Dungeon (6/15)             Temple (0/1) D:4

Altars:
Ashenzari
Fedhas
Gozag
Pakellas
Trog
Uskayaw
Vehumet
Yredelemnul


Message History

The hill giant is heavily wounded.
The hill giant misses you.
You barely miss the hill giant.
The hill giant is heavily wounded.
You block the hill giant's attack.
You hit the hill giant.
The hill giant is heavily wounded.
Health restored: 70 You hit the hill giant but do no damage.
The hill giant is heavily wounded.
The hill giant hits you with a giant spiked club!!
You take 34 damage, and have 36/70 hp.
MASSIVE DAMAGE!!
You hit the hill giant.
The hill giant is heavily wounded.
You block the hill giant's attack.
You hit the hill giant but do no damage.
The hill giant is heavily wounded.
The hill giant hits you with a giant spiked club!!!
Ouch! That really hurt!
You die...

############
......C@...#
##########.#
#.# #.# #.#
#.# #.# #.#
#.#


You could see a hill giant.

Vanquished Creatures
  An ice beast (D:5)
  4 ogres
  2 scorpions (D:4)
  A quasit (D:5)
  2 hounds (D:4)
  3 orc priests
  4 orc wizards
  An iguana (D:6)
  7 worker ants
  2 hound zombies (D:5)
  A hound skeleton (D:5)
  4 gnolls (D:5)
  7 adders
  2 shadow imps
  An ooze (D:3)
  3 worms
  3 dart slugs (D:1)
  4 giant geckos
  20 orcs
  5 bats
  4 giant cockroaches
  14 goblins
  9 hobgoblins
  3 jackals (D:4)
  8 kobolds
  4 quokkas
  3 ball pythons
  2 giant newts (D:1)
  A jackal skeleton (D:4)
  A quokka skeleton (D:4)
  12 rats
138 creatures vanquished.

Notes
Turn   | Place    | Note
--------------------------------------------------------------
     0 | Abyss:1  | Etesian the Hill Orc Abyssal Knight began the quest for the Orb.
     0 | Abyss:1  | Reached XP level 1. HP: 19/19 MP: 2/2
    60 | Abyss:1  | Noticed a spatial vortex
    60 | Abyss:1  | Noticed a spatial vortex
   156 | Abyss:1  | Noticed a small abomination
   160 | Abyss:1  | Noticed a smoke demon
   162 | D:1      | Escaped the Abyss
   436 | D:1      | Reached skill level 1 in Dodging
   438 | D:1      | Reached XP level 2. HP: 26/27 MP: 3/3
   702 | D:1      | Reached * piety under Lugonu
   984 | D:1      | Reached XP level 3. HP: 18/33 MP: 5/5
  1789 | D:1      | Reached skill level 3 in Invocations
  2179 | D:2      | Found a blossoming altar of Fedhas.
  2186 | D:2      | Found a bloodstained altar of Trog.
  2192 | D:2      | Found a basalt altar of Yredelemnul.
  2192 | D:2      | Found a hide-covered altar of Uskayaw.
  2192 | D:2      | Found an oddly glowing altar of Pakellas.
  2195 | D:2      | Found a radiant altar of Vehumet.
  2196 | D:2      | Found an opulent altar of Gozag.
  2197 | D:2      | Found a shattered altar of Ashenzari.
  2260 | D:2      | Reached ** piety under Lugonu
  2326 | D:2      | Reached XP level 4. HP: 38/40 MP: 6/6
  3325 | D:3      | Reached skill level 4 in Invocations
  3379 | D:3      | HP: 2/40 [poisoned by a kobold]
  3763 | D:3      | Reached skill level 1 in Shields
  3772 | D:3      | Reached XP level 5. HP: 44/46 MP: 8/8
  3856 | D:3      | Reached *** piety under Lugonu
  4049 | D:4      | Found a staircase to the Ecumenical Temple.
  4177 | D:4      | Reached XP level 6. HP: 48/53 MP: 9/9
  4602 | D:4      | Reached skill level 5 in Invocations
  4659 | D:4      | Reached skill level 5 in Fighting
  4659 | D:4      | Reached XP level 7. HP: 61/61 MP: 10/10
  4675 | D:4      | Got an encrusted ring mail
  4686 | D:4      | Identified the +5 ring mail of the Moon {Dex+2} (You took it off an orc on level 4 of the Dungeon)
  4943 | D:4      | Reached skill level 5 in Axes
  5109 | D:4      | Found a shattered altar of Ashenzari.
  5215 | D:4      | Reached skill level 6 in Invocations
  5514 | D:5      | Entered Level 5 of the Dungeon
  5532 | D:5      | Reached XP level 8. HP: 68/69 MP: 12/12
  5611 | D:5      | Reached **** piety under Lugonu
  6155 | D:5      | Reached skill level 7 in Invocations
  7268 | D:6      | Noticed a hill giant
  7279 | D:6      | Slain by a hill giant

Vault maps used:
D:1:      elethiomel_arrival_infinity_welcomes_careful_drivers,
          bh_walls_and_bars
D:2:      minitemple, serial_glass, glass_columns_c, glass_columns_b
D:3:      serial_bayou_lagoon_b
D:4:      minmay_temple_entry_large_hall, grunt_ministairs_15, ashenzari_altar_1
D:5:      first_bread
D:6:      nicolae_ru_path_of_blood

Skill      XL: |  1  2  3  4  5  6  7  8 |
---------------+-------------------------+-----
Dodging        | 1 |  1.1
Axes           | 3 4 5 6 |  6.5
Fighting       | 4 5 |  5.8
Invocations    | 3 4 5 6 7 |  7.5
Shields        | 1 2 3 4 |  4.6
Armour         | 3 4 |  4.7

Action                   |  1- 3 |  4- 6 |  7- 9 || total
-------------------------+-------+-------+-------++-------
Melee: Hand axe          |   127 |   194 |   291 ||   612
Invok: Depart the Abyss  |     1 |       |       ||     1
Evoke: Wand              |       |     1 |     2 ||     3
  Use: Scroll            |     3 |    10 |     3 ||    16
       Potion            |       |     1 |       ||     1
  Eat: Chunk             |     4 |     7 |    10 ||    21
Armor: Leather armour    |    22 |       |       ||    22
       Scale mail        |     2 |    82 |       ||    84
       Ring mail         |       |       |    96 ||    96
Dodge: Dodged            |    79 |    75 |   124 ||   278
Block: Buckler           |       |    32 |    67 ||    99
